[Event "Early-Titled-Tuesday-Blitz-April-16-2024"]
[Site "Chess.com"]
[Date "2024.04.16"]
[Round "7"]
[White "GHANDEEVAM2003"]
[Black "ValentunHulka"]
[Result "1/2-1/2"]
[WhiteElo "3007"]
[BlackElo "2804"]
[TimeControl "180+1"]
[EndTime "9:19:30 PDT"]
[Termination "Game drawn by agreement"]

1. c3 d5 2. d4 Nf6 3. g3 c5 4. Bg2 cxd4 5. cxd4 Nc6 6. Nc3 Bf5 7. Nf3 e6 8. Nh4 Bg4 9. h3 Bh5 10. O-O Be7 11. g4 Bg6 12. Bf4 Be4 13. f3 Bg6 14.
e3 O-O 15. Qe2 Rc8 16. Rad1 Qb6 17. Nxg6 hxg6 18. h4 Na5 19. Bg5 Rfe8 20. f4 Nc4 21. b3 Nd6 22. Na4 Qb5 23. Qxb5 Nxb5 24. Bxf6 Bxf6 25.
g5 Be7 26. Rc1 Ba3 27. Rcd1 Nc3 28. Nxc3 Rxc3 29. e4 dxe4 30. Bxe4 b6 31. Kf2 Rd8 32. Ke2 Rh3 33. Rh1 Rxh1 34. Bxh1 Rc8 35. d5 exd5 36.
Bxd5 Kf8 37. Bc4 Ke7 38. Kf3 Bb4 39. Rd4 Bc5 40. Re4+ Kf8 41. Kg4 Re8 42. Rxe8+ Kxe8 43. f5 gxf5+ 44. Kxf5 g6+ 45. Kg4 Ke7 46. h5 gxh5+ 47. Kxh5 Be3 1/2-1/2

[Event "Early-Titled-Tuesday-Blitz-April-16-2024"]
[Site "Chess.com"]
[Date "2024.04.16"]
[Round "7"]
[White "Yeritsyaan"]
[Black "guillembaches"]
[Result "1-0"]
[WhiteElo "2663"]
[BlackElo "2536"]
[TimeControl "180+1"]
[EndTime "9:19:31 PDT"]
[Termination "Yeritsyaan won on time"]

1. b3 d5 2. Bb2 Bf5 3. g3 e6 4. Bg2 Nf6 5. d3 h6 6. Nf3 Bh7 7. O-O Nbd7 8. Nbd2 Bc5 9. a3 a5 10. Qe1 c6 11. e4 O-O 12. Qe2 b5 13. Ne5 Nxe5 14. Bxe5 Qe7 15. a4 d4 16. Bxf6 Qxf6 17.
e5 Qe7 18. Bxc6 bxa4 19. Bxa8 Rxa8 20. Rxa4 Bb4 21. Nc4 Qc5 22. f4 Bf5 23. Qg2 Rc8 24. g4 Bh7 25. f5 Qc7 26. f6 g5 27. h4 Bg6 28. hxg5 hxg5 29. Rxb4 axb4 30. Qh2 Qc5 31. Kf2 1-0

[Event "Early-Titled-Tuesday-Blitz-April-16-2024"]
[Site "Chess.com"]
[Date "2024.04.16"]
[Round "7"]
[White "theoneandonlydaaevik"]
[Black "Makswolf200817"]
[Result "0-1"]
[WhiteElo "2586"]
[BlackElo "2780"]
[TimeControl "180+1"]
[EndTime "9:19:35 PDT"]
[Termination "Makswolf200817 won by resignation"]

1. d4 Nf6 2. c4 e6 3. Nf3 d5 4.
Nc3 c5 5. cxd5 cxd4 6. Qxd4 exd5 7. Bg5 Be7 8. e3 O-O 9. Be2 h6 10. Bh4 Nc6 11. Qd3 Be6 12. O-O Qb6 13. a3 Rfd8 14.
Nb5 g5 15. Bg3 Rac8 16. Nbd4 Nxd4 17. Nxd4 Ne4 18. f3 Nxg3 19. hxg3 Bf6 20. b4 Bxd4 21.
exd4 Rc4 22. Qe3 Qxd4 23. Qxd4 Rxd4 24. Rad1 Rxd1 25. Rxd1 Rc8 26. Kf2 Kf8 27. g4 Rc3 28. Rd3 Rxd3 29. Bxd3 d4 30. Ke2 Ke7 31. Be4 Bc4+ 32.
Bd3 b5 33. Kd2 Kd6 34. Be4 Ke5 35. g3 Bd5 36. Bxd5 Kxd5 37. Kd3 a6 38. f4 f5 39. gxf5 gxf4 40. gxf4 h5 41. f6 Ke6 42. Kxd4 Kxf6 43. Ke4 h4 44. Kf3 Kf5 0-1

[Event "Early-Titled-Tuesday-Blitz-April-16-2024"]
[Site "Chess.com"]
[Date "2024.04.16"]
[Round "7"]
[White "MaxLeto"]
[Black "mariangie523"]
[Result "1-0"]
[WhiteElo "2390"]
[BlackElo "2154"]
[TimeControl "180+1"]
[EndTime "9:19:37 PDT"]
[Termination "MaxLeto won by resignation"]

1. g4 c5 2. Bg2 g6 3. c4 Bg7 4. Nc3 e6 5. d3 Ne7 6. h4 d5 7. h5 dxc4 8. h6 Bxc3+ 9. bxc3 cxd3 10. exd3 Nbc6 11. Bg5 Qa5 12. Bf6 Rg8 13. Ne2 Nd5 14. Bg7 f6 15. Qd2 Nce7 16. Rb1 Qc7 17. c4 Nb4 18.
Bxf6 Qd6 19. Rb3 Nec6 20. a3 Na6 21. O-O e5 22. g5 Nc7 23. f4 exf4 24. Nxf4 Nd4 25.
Rbb1 Rb8 26. Rbe1+ Nce6 27. Be5 Qd7 28. Bxb8 Kd8 29.
Nd5 Re8 30. Bh3 1-0

[Event "Early-Titled-Tuesday-Blitz-April-16-2024"]
[Site "Chess.com"]
[Date "2024.04.16"]
[Round "7"]
[White "ReinisUz"]
[Black "koncheto"]
[Result "1-0"]
[WhiteElo "2383"]
[BlackElo "2540"]
[TimeControl "180+1"]
[EndTime "9:19:38 PDT"]
[Termination "ReinisUz won by resignation"]

1. c4 d5 2. cxd5 c6 3. dxc6 Nxc6 4. Nc3 e5 5. g3 Nf6 6. Bg2 Bc5 7. d3 Bf5 8. Nf3 e4 9. dxe4 Qxd1+ 10. Nxd1 Nb4 11.
O-O Bxe4 12. Nc3 Bc6 13. Bg5 O-O 14. Bxf6 gxf6 15. a3 Nd5 16. Nxd5 Bxd5 17. Rac1 Be7 18. Nh4 Bxg2 19. Kxg2 Rfd8 20. Nf5 Bf8 21. Rc2 Rd5 22.
e4 Rb5 23. Rd1 a5 24. Rd7 Re8 25. f3 a4 26. h4 h5 27. Nd6 Re6 28. Nxb5 1-0

[Event "Early-Titled-Tuesday-Blitz-April-16-2024"]
[Site "Chess.com"]
[Date "2024.04.16"]
[Round "7"]
[White "SirStrateg"]
[Black "MomchilPetkov"]
[Result "0-1"]
[WhiteElo "2642"]
[BlackElo "2928"]
[TimeControl "180+1"]
[EndTime "9:19:42 PDT"]
[Termination "MomchilPetkov won by resignation"]

1. d4 Nf6 2. Bf4 d5 3. e3 e6 4. Nd2 c5 5. c3 Nc6 6. Ngf3 Nh5 7. Bg5 f6 8. Bh4 g6 9. Bd3 Be7 10. dxc5 a5 11. Bg3 O-O 12. Qe2 Bxc5 13. e4 Kh8 14.
O-O-O a4 15. Kb1 Qb6 16. Ka1 Bd7 17. Bb5 Nxg3 18. hxg3 Bxf2 19. Rdf1 Bxg3 20. Rh3 Bf4 21. Rfh1 Rf7 22. exd5 exd5 23. Bd3 Bxh3 24. Rxh3 Ne5 25.
Nxe5 fxe5 26. Bb1 a3 27. Nb3 axb2+ 28. Kxb2 e4 29. Qg4 Be5 30. Bc2 d4 31. a4 dxc3+ 32. Ka3 Qd6+ 0-1

[Event "Early-Titled-Tuesday-Blitz-April-16-2024"]
[Site "Chess.com"]
[Date "2024.04.16"]
[Round "7"]
[White "sonicdravise"]
[Black "HamedWafa4"]
[Result "1/2-1/2"]
[WhiteElo "2607"]
[BlackElo "2795"]
[TimeControl "180+1"]
[EndTime "9:19:45 PDT"]
[Termination "Game drawn by repetition"]

1. d4 Nf6 2. c4 e6 3. Nc3 Bb4 4. e3 O-O 5. Ne2 Re8 6. a3 Bf8 7. Ng3 d5 8. Be2 a6 9. O-O dxc4 10. Bxc4 b5 11. Be2 Bb7 12. Bf3 Qc8 13. e4 c5 14. e5 Nfd7 15. Nce4 cxd4 16. Bf4 Nc6 17. Rc1 Qb8 18. Rxc6 Bxc6 19. Nf6+ gxf6 20. Bxc6 Nxe5 21. Bxe8 Qxe8 22. Nh5 Nd7 23. Qxd4 e5 24. Qxd7 Qxd7 25. Nxf6+ Kg7 26. Nxd7 exf4 27. Nxf8 Kxf8 28. f3 Rd8 29. Rf2 Rd1+ 30. Rf1 Rd3 31. Rf2 Ke7 32. Re2+ Kf6 33. Kf2 Rb3 34. Rc2 Kf5 35. Rc5+ Ke6 36. Rc2 Kd5 37.
Ke2 a5 38. Kd2 Kd4 39. Ke2 a4 40. Rd2+ Ke5 41. Rc2 h6 42. Rd2 h5 43. Rc2 h4 44.
Rd2 Kf6 45. Rc2 Kg5 46. Kf2 Kf5 47. Ke2 Ke5 48. Rd2 Re3+ 49. Kf2 Rb3 50. Ke2 1/2-1/2

[Event "Early-Titled-Tuesday-Blitz-April-16-2024"]
[Site "Chess.com"]
[Date "2024.04.16"]
[Round "7"]
[White "UNSTOPPABLE_LEGEND"]
[Black "Hui_Li_Macau"]
[Result "1-0"]
[WhiteElo "2566"]
[BlackElo "2403"]
[TimeControl "180+1"]
[EndTime "9:19:46 PDT"]
[Termination "UNSTOPPABLE_LEGEND won by resignation"]

1. d4 d5 2. Bf4 Nf6 3. e3 c5 4. c3 Nc6 5. Nd2 cxd4 6. exd4 Bf5 7. Ngf3 e6 8. Bb5 Qb6 9. a4 a6 10. Bxc6+ bxc6 11. b4 a5 12. bxa5 Qxa5 13. O-O Be7 14. Ne5 Ra6 15. Nb3 Qxc3 16. Rc1 Qb2 17. Nxc6 Ba3 18. Nb8 Rb6 19. Rc8+ Ke7 20. Rxh8 Qxb3 21. Nc6+ Kd7 22. Ne5+ Ke7 23. Qe2 Qxa4 24. Qd2 h6 25. Rc8 Bb4 26. Qc1 Qa7 27. Rc7+ 1-0

[Event "Early-Titled-Tuesday-Blitz-April-16-2024"]
[Site "Chess.com"]
[Date "2024.04.16"]
[Round "7"]
[White "temus_galaktionov"]
[Black "SahibSinghKnight"]
[Result "1-0"]
[WhiteElo "2861"]
[BlackElo "2631"]
[TimeControl "180+1"]
[EndTime "9:19:47 PDT"]
[Termination "temus_galaktionov won by resignation"]

1. d4 d5 2. Nf3 Nf6 3. c4 e6 4. Nc3 Be7 5. Bf4 O-O 6. e3 b6 7.
Bd3 Bb7 8. O-O Nbd7 9. Nb5 c6 10. Nd6 Ba6 11. Qa4 Nb8 12. Nxf7 Rxf7 13. Bxb8 Bxc4 14. Bxc4 Qxb8 15. Bd3 Ng4 16. h3 Rxf3 17. hxg4 Rf8 18. Qxc6 Qd6 19. Rfc1 g6 20. Qxd6 Bxd6 21. Rc6 Rfd8 22.
f4 Kf7 23. g5 Rac8 24. Rac1 Rxc6 25. Rxc6 Ke7 26. Kf2 Rf8 27. Bb5 Rd8 28. Ke2 Kf7 29.
g3 Ke7 30. Ba6 Kd7 31. Rc1 Ke7 32. Kd3 Rh8 33. Rh1 Kf7 34. e4 dxe4+ 35. Kxe4 Kg7 36.
Rc1 Rd8 37. Rc6 Kf7 38. Bc4 Ke7 39. Bb3 Kd7 40. Rc2 Ke7 41. Kf3 Rf8 42. Re2 e5 43.
dxe5 Bc5 44. Rh2 Rh8 45. Ke4 Bg1 46. Rh1 Bf2 47. g4 Bc5 48. f5 1-0

[Event "Early-Titled-Tuesday-Blitz-April-16-2024"]
[Site "Chess.com"]
[Date "2024.04.16"]
[Round "7"]
[White "amylazy"]
[Black "Bykov_Egor"]
[Result "0-1"]
[WhiteElo "2429"]
[BlackElo "2582"]
[TimeControl "180+1"]
[EndTime "9:19:51 PDT"]
[Termination "Bykov_Egor won by resignation"]

1. d4 c6 2. Nf3 d5 3. c4 dxc4 4. e3 b5 5. a4 a6 6. b4 e6 7.
Bd2 Nf6 8. axb5 cxb5 9. Nc3 Bb7 10. Qb1 Be7 11. Be2 O-O 12. O-O Nc6 13. Na2 Qd5 14.
Rd1 Qf5 15. Qb2 Ne4 16. Be1 Bd6 17. Nc3 Ne7 18. Nxe4 Qxe4 19. Bf1 Qg6 20. Ne5 Bxe5 21. dxe5 Rfd8 22. Bc3 Nf5 23. Bd4 Nh4 24. f4 Nf3+ 25. Kh1 Qh5 26. gxf3 Bxf3+ 27. Bg2 Bxd1 28. Qf2 Bg4 29. Bxa8 Rxa8 30. Kg1 Bf5 31. Qg3 Be4 32. Kf2 Rc8 33. Rxa6 c3 34. Ra1 c2 35. Rg1 g6 36.
Rc1 Qd1 37. Qg1 Qd2+ 38. Kg3 Ra8 39. Bc5 Ra3 40. Ra1 Rxa1 41. Qxa1 c1=Q 0-1

[Event "Early-Titled-Tuesday-Blitz-April-16-2024"]
[Site "Chess.com"]
[Date "2024.04.16"]
[Round "7"]
[White "ulises2013"]
[Black "atalz0"]
[Result "0-1"]
[WhiteElo "2699"]
[BlackElo "2475"]
[TimeControl "180+1"]
[EndTime "9:19:53 PDT"]
[Termination "atalz0 won by resignation"]

1. e4 d5 2. exd5 Nf6 3. d4 Nxd5 4. Nf3 Bg4 5. Be2 Nc6 6. h3 Bh5 7. O-O e6 8. c3 Bd6 9. Nbd2 O-O 10. Ne4 Nf4 11. Nxd6 Nxe2+ 12. Qxe2 Qxd6 13. Re1 Qd5 14. g4 Bg6 15. Bf4 Rac8 16. b3 Rfd8 17. Rad1 Qa5 18.
Qb2 Qd5 19. Ne5 Nxe5 20. Bxe5 Qf3 21. Qe2 Qxh3 22. Bg3 h5 23. Qf3 h4 24. Re5 hxg3 25.
fxg3 Rd5 26. Re2 Rg5 27. Qxb7 Rf8 28. Rg2 Rxg4 29. Re1 Rxg3 30. c4 Rxg2+ 31. Qxg2 Qxg2+ 32. Kxg2 Rd8 33. Rd1 c5 0-1

[Event "Early-Titled-Tuesday-Blitz-April-16-2024"]
[Site "Chess.com"]
[Date "2024.04.16"]
[Round "7"]
[White "Iball95"]
[Black "TERMINATOR_PC"]
[Result "1-0"]
[WhiteElo "2895"]
[BlackElo "2612"]
[TimeControl "180+1"]
[EndTime "9:19:54 PDT"]
[Termination "Iball95 won by resignation"]

1. e4 e5 2. Nf3 Nc6 3. Nc3 Nf6 4. Bb5 Bb4 5. Nd5 Bc5 6. O-O a6 7. Bc4 d6 8. c3 Nxd5 9. Bxd5 Ne7 10. Bb3 O-O 11. d4 exd4 12. cxd4 Bb6 13. h3 Be6 14. Bxe6 fxe6 15. Ng5 Qd7 16. Qg4 Rf6 17. d5 Ng6 18. Nxe6 Ne5 19. Qh4 Qb5 20. Bg5 Rg6 21. Nf4 Rf8 22. Nxg6 Nxg6 23. Qg3 Qxb2 24. Be3 Bxe3 25.
Qxe3 Qe5 26. g3 Qf6 27. f4 h5 28. h4 Re8 29. Rae1 Ne7 30. Qf3 Qg6 31. f5 Qf6 32. Qxh5 Rf8 1-0

[Event "Early-Titled-Tuesday-Blitz-April-16-2024"]
[Site "Chess.com"]
[Date "2024.04.16"]
[Round "7"]
[White "Burgsvik"]
[Black "Bastiandash"]
[Result "0-1"]
[WhiteElo "2266"]
[BlackElo "2538"]
[TimeControl "180+1"]
[EndTime "9:19:56 PDT"]
[Termination "Bastiandash won by resignation"]

1. e4 c5 2. Nf3 e6 3. d4 cxd4 4. Nxd4 a6 5. Bd3 Qb6 6. Nb3 Qc7 7.
N1d2 Nf6 8. g3 Nc6 9. Nc4 b5 10. Ne3 h5 11. Ng2 Ne5 12. f4 Nxd3+ 13. cxd3 Bb7 14.
Be3 Rc8 15. Rc1 Qb8 16. O-O Ng4 17. Rxc8+ Qxc8 18. Bd4 d6 19. h3 Nf6 20. Qd2 Be7 21. Rc1 Qd7 22. f5 O-O 23. Rf1 e5 24. Be3 d5 25.
Nc5 Bxc5 26. Bxc5 Rc8 27. b4 dxe4 28. Rd1 Qxf5 29. Kh2 Rd8 30. Qe3 Rxd3 31. Rxd3 exd3 32. Be7 Qe4 33. Qf2 Qxg2+ 34. Qxg2 Bxg2 35. Kxg2 d2 0-1

[Event "Early-Titled-Tuesday-Blitz-April-16-2024"]
[Site "Chess.com"]
[Date "2024.04.16"]
[Round "7"]
[White "Chxss_Khxsbu"]
[Black "stepanosinovsky"]
[Result "0-1"]
[WhiteElo "1806"]
[BlackElo "2384"]
[TimeControl "180+1"]
[EndTime "9:19:57 PDT"]
[Termination "stepanosinovsky won on time"]

1. e4 e5 2. Nf3 Nc6 3. Bb5 a6 4. Bxc6 dxc6 5. O-O f6 6. d4 exd4 7. Nxd4 c5 8. Nb3 Qxd1 9. Rxd1 Bg4 10. f3 Bd7 11. Be3 b6 12. Nc3 O-O-O 13. Nd5 Ne7 14. c4 Nxd5 15. cxd5 Bd6 16. Rac1 Rhe8 17. Nd2 Kb7 18. b3 f5 19. a4 a5 20. Kf2 fxe4 21.
Nxe4 Be5 22. d6 c6 23. g3 Bf5 0-1

[Event "Early-Titled-Tuesday-Blitz-April-16-2024"]
[Site "Chess.com"]
[Date "2024.04.16"]
[Round "7"]
[White "AsaHoffmann"]
[Black "NowInChess"]
[Result "0-1"]
[WhiteElo "2380"]
[BlackElo "2249"]
[TimeControl "180+1"]
[EndTime "9:20:00 PDT"]
[Termination "NowInChess won by checkmate"]

1. d4 Nf6 2. Bg5 e6 3. Nd2 d5 4. e3 Bd6 5. Bd3 O-O 6. f4 c5 7. c3 Nbd7 8. Ngf3 b6 9. Ne5 Qc7 10. O-O Bb7 11. Qf3 g6 12. Qh3 Ne4 13. Bxe4 dxe4 14.
Bh6 Rfe8 15. Qh4 Qd8 16. Bg5 f6 17. Ng4 fxg5 18. fxg5 Rf8 19. Rxf8+ Bxf8 20. Nh6+ Bxh6 21. Qxh6 Qe7 22. Rf1 Rf8 23. Qh4 Rxf1+ 24. Kxf1 cxd4 25. cxd4 e5 26. Nxe4 exd4 27. Nf6+ Nxf6 28. gxf6 Ba6+ 29. Ke1 Qxe3+ 30. Kd1 Be2+ 31. Ke1 Bf3+ 32. Kf1 Qe2+ 33. Kg1 Qxg2# 0-1

[Event "Early-Titled-Tuesday-Blitz-April-16-2024"]
[Site "Chess.com"]
[Date "2024.04.16"]
[Round "7"]
[White "Hudijegszid"]
[Black "kleber2007"]
[Result "1-0"]
[WhiteElo "2471"]
[BlackElo "2578"]
[TimeControl "180+1"]
[EndTime "9:20:02 PDT"]
[Termination "Hudijegszid won by resignation"]

1. Nf3 c5 2. g3 g6 3. Bg2 Bg7 4. O-O Nc6 5. c3 e5 6. c4 Nge7 7. Nc3 O-O 8. a3 d6 9. d3 Be6 10. Ng5 Bf5 11. Bd2 h6 12. Nf3 Qd7 13. Ne1 Bh3 14.
Nc2 Bxg2 15. Kxg2 d5 16. cxd5 Nxd5 17. Ne4 b6 18. b4 f5 19. Nc3 cxb4 20. axb4 Ncxb4 21. Nxb4 Nxb4 22. Qb3+ Qf7 23. Qxb4 e4 24. dxe4 fxe4 25.
Rac1 Rad8 26. Be3 Rfe8 27. Nxe4 Bd4 28. Bxd4 Rxe4 29. e3 h5 30. Qc4 h4 31. Qxf7+ Kxf7 32. Rc7+ Re7 33. Rxe7+ Kxe7 34. gxh4 Rb8 35. Rb1 Kd6 36.
f4 Kc6 37. Kf3 a5 38. Rg1 b5 39. Rxg6+ Kd5 40. h5 b4 41. h6 a4 42. h7 a3 43.
h8=Q Rxh8 44. Bxh8 1-0

[Event "Early-Titled-Tuesday-Blitz-April-16-2024"]
[Site "Chess.com"]
[Date "2024.04.16"]
[Round "7"]
[White "HansOnTwitch"]
[Black "FairChess_on_YouTube"]
[Result "1-0"]
[WhiteElo "3166"]
[BlackElo "3088"]
[TimeControl "180+1"]
[EndTime "9:20:04 PDT"]
[Termination "HansOnTwitch won by resignation"]

1. e4 c5 2. Nf3 e6 3. d4 cxd4 4. Nxd4 a6 5. Nc3 Qc7 6. Be2 Nc6 7. Nxc6 bxc6 8. Qd3 Rb8 9. Qg3 Qxg3 10. hxg3 d5 11. b3 Nf6 12. Bb2 d4 13. Na4 Bb4+ 14.
Kf1 e5 15. f3 Bd6 16. c3 c5 17. Ba3 Nd7 18. cxd4 exd4 19. Kf2 O-O 20. Rac1 f5 21. exf5 Rxf5 22. Bc4+ Kh8 23. Bd3 Ne5 24. Bxf5 Bxf5 25. Nb2 Rc8 26. Rhe1 d3 27. Re3 d2 28. Rd1 c4 29.
Bxd6 c3 30. Rxc3 Rxc3 31. Bxe5 Rc2 32. Nc4 Rxa2 33. Rxd2 1-0

[Event "Early-Titled-Tuesday-Blitz-April-16-2024"]
[Site "Chess.com"]
[Date "2024.04.16"]
[Round "7"]
[White "Shuvalov"]
[Black "Schattman"]
[Result "1/2-1/2"]
[WhiteElo "2627"]
[BlackElo "2500"]
[TimeControl "180+1"]
[EndTime "9:20:04 PDT"]
[Termination "Game drawn by repetition"]

1. d4 d5 2. c4 e6 3. Nf3 Nf6 4.
Nc3 c5 5. cxd5 Nxd5 6. e4 Nxc3 7. bxc3 cxd4 8. cxd4 Bb4+ 9. Bd2 Bxd2+ 10. Qxd2 O-O 11. h4 b6 12. h5 h6 13. Bd3 Ba6 14. Bxa6 Nxa6 15. O-O Rc8 16. Rad1 Qd6 17. Rfe1 Rfd8 18.
Ne5 Nb4 19. Rc1 Nc6 20. Nxc6 Rxc6 21. Rxc6 Qxc6 22. Qd3 b5 23. Rd1 Qc4 24. Qd2 b4 25.
f3 a5 26. d5 exd5 27. exd5 Qc5+ 28. Kf1 Qc4+ 29. Kg1 Qc5+ 30. Kf1 Qc4+ 31. Kg1 1/2-1/2

[Event "Early-Titled-Tuesday-Blitz-April-16-2024"]
[Site "Chess.com"]
[Date "2024.04.16"]
[Round "7"]
[White "DonCiao"]
[Black "ural58"]
[Result "0-1"]
[WhiteElo "2078"]
[BlackElo "2474"]
[TimeControl "180+1"]
[EndTime "9:20:04 PDT"]
[Termination "ural58 won by resignation"]

1. c4 e5 2. g3 c6 3. Nf3 e4 4.
Nd4 d5 5. cxd5 Qxd5 6. Nb3 Nf6 7. Nc3 Qe5 8. d3 Bb4 9. dxe4 Nxe4 10. Bd2 Nxd2 11. Qxd2 Be6 12. Bg2 Na6 13. O-O Rd8 14. Qc2 O-O 15. Rad1 Bxc3 16. bxc3 Bc4 17. Bf3 Nc5 18.
Nxc5 Qxc5 19. Rxd8 Rxd8 20. Rd1 Rxd1+ 21. Qxd1 Bxa2 22.
Qd8+ Qf8 23. Qc7 Qa8 24. h4 h6 25. g4 Be6 26. g5 hxg5 27. hxg5 g6 28. Be4 a5 29. f4 a4 30. Qe5 a3 31. c4 a2 32. Qa1 Bxc4 33. f5 Qa7+ 34. Kg2 Qe3 35. Bd3 Qxg5+ 36. Kf3 Bxd3 37. exd3 Qxf5+ 38. Ke3 c5 0-1

[Event "Early-Titled-Tuesday-Blitz-April-16-2024"]
[Site "Chess.com"]
[Date "2024.04.16"]
[Round "7"]
[White "KubaGepard"]
[Black "Attacker_2006"]
[Result "0-1"]
[WhiteElo "2573"]
[BlackElo "2452"]
[TimeControl "180+1"]
[EndTime "9:20:06 PDT"]
[Termination "Attacker_2006 won by resignation"]

1. d4 g6 2. e4 Bg7 3. Nc3 d6 4. Be3 a6 5. h4 h6 6. f3 b5 7. Qd2 Bb7 8. a4 b4 9. Nce2 a5 10. Ng3 Nd7 11. h5 g5 12. Bc4 e6 13. Nh3 Ne7 14. O-O d5 15. Bb3 dxe4 16. fxe4 O-O 17. Qf2 Nf6 18. Bxg5 hxg5 19. Nxg5 Ng4 20. Qf4 Qxd4+ 21.
Kh1 Nh6 22. Rad1 Qe5 23. Rd7 Qxf4 24. Rxf4 Nc6 25. Nxf7 Nxf7 26. Bxe6 Ne5 27. Rxc7 Bc8 28. Bd5 Ra6 29. Nf5 Kh8 30. Ne7 Be6 31. Bxe6 Rxe6 32. Ng6+ Nxg6 33. hxg6 Ne5 34. Rh4+ Kg8 0-1

[Event "Early-Titled-Tuesday-Blitz-April-16-2024"]
[Site "Chess.com"]
[Date "2024.04.16"]
[Round "7"]
[White "Vasily_IM"]
[Black "IndianSchoolOfSuffering"]
[Result "0-1"]
[WhiteElo "2556"]
[BlackElo "2430"]
[TimeControl "180+1"]
[EndTime "9:20:07 PDT"]
[Termination "IndianSchoolOfSuffering won by resignation"]

1. d4 Nf6 2. c4 e6 3. Nc3 Bb4 4. Qc2 O-O 5. e4 d5 6. e5 Ne4 7.
Bd3 c5 8. Ne2 Nc6 9. cxd5 exd5 10. O-O cxd4 11. Nxd5 Qxd5 12. Bxe4 Qxe5 13. a3 Be7 14.
Bxh7+ Kh8 15. Be4 Be6 16. Bf4 Qf6 17. Bxc6 bxc6 18. Bg3 Bf5 19. Qd2 c5 20. Rac1 Rfd8 21. Nf4 Qh6 22. Qe2 Bg5 23. Rxc5 d3 24. Qf3 Bh7 25. Rd1 Bxf4 26. Bxf4 Qe6 27. Be3 Bg6 28. h3 Rac8 29. Rxc8 Qxc8 30. Bxa7 Qc2 31. Be3 Qxb2 32. a4 Qa2 33. Qf4 Ra8 34. Bd4 Kg8 35. Qe5 f6 36. Qd5+ Qxd5 0-1

[Event "Early-Titled-Tuesday-Blitz-April-16-2024"]
[Site "Chess.com"]
[Date "2024.04.16"]
[Round "7"]
[White "knightinshiningarmour16"]
[Black "HaryKane"]
[Result "1/2-1/2"]
[WhiteElo "2343"]
[BlackElo "2533"]
[TimeControl "180+1"]
[EndTime "9:20:10 PDT"]
[Termination "Game drawn by repetition"]

1. d4 e6 2. Nf3 d5 3. Bg5 Be7 4. Bf4 Nf6 5. e3 O-O 6. h3 c5 7. c3 Nc6 8. Bd3 Nd7 9. h4 h6 10. Ng5 hxg5 11. hxg5 g6 12. Qg4 Kg7 13. Rh6 Rh8 14.
Qh4 e5 15. dxe5 Ndxe5 16. Bc2 Ng4 17. Rxh8 Qxh8 18. Qg3 Qh1+ 19. Ke2 Nh2 20. Nd2 Qxa1 21. Qxh2 Bg4+ 22. f3 Rh8 23. Be5+ Nxe5 24. Qxe5+ Kg8 25. Qxe7 Be6 26. Bxg6 Rh1 27. Qd8+ Kg7 28. Qf6+ Kg8 29. Qd8+ Kg7 30. Qf6+ Kg8 31. Qd8+ 1/2-1/2

[Event "Early-Titled-Tuesday-Blitz-April-16-2024"]
[Site "Chess.com"]
[Date "2024.04.16"]
[Round "7"]
[White "Smoking_Crow"]
[Black "Vesper2018"]
[Result "1-0"]
[WhiteElo "2684"]
[BlackElo "2553"]
[TimeControl "180+1"]
[EndTime "9:20:11 PDT"]
[Termination "Smoking_Crow won on time"]

1. e4 c5 2. Nf3 d6 3. Bb5+ Nd7 4. d4 cxd4 5. Qxd4 a6 6. Bxd7+ Bxd7 7. Bg5 h6 8. Bh4 Qa5+ 9. Nc3 e5 10. Qd2 g5 11. Bg3 Nf6 12. O-O-O Be7 13. Kb1 Rc8 14. Rhe1 Be6 15. h4 g4 16. Ng1 b5 17. a3 Rb8 18. f4 gxf3 19. Nxf3 b4 20. Nd5 Bxd5 21.
exd5 Rb5 22. axb4 Rxb4 23. Nxe5 Qb5 24. c4 Qa4 25. Nc6 Rb7 26. Bxd6 Ng8 27. Re4 f5 28.
Re3 Kf8 29. Nxe7 Nxe7 30. Rde1 Rh7 31. c5 Qc4 32. c6 Ra7 33. Ba3 f4 34. Re4 1-0

[Event "Early-Titled-Tuesday-Blitz-April-16-2024"]
[Site "Chess.com"]
[Date "2024.04.16"]
[Round "7"]
[White "Zavgorodniy_Sergiy"]
[Black "andong36"]
[Result "1-0"]
[WhiteElo "2612"]
[BlackElo "2412"]
[TimeControl "180+1"]
[EndTime "9:20:12 PDT"]
[Termination "Zavgorodniy_Sergiy won on time"]

1. d4 Nf6 2. c4 c5 3. Nf3 g6 4. g3 Bg7 5. Bg2 O-O 6. O-O cxd4 7.
Nxd4 Nc6 8. Nc3 a6 9. Nc2 d6 10.
b3 Bf5 11. Bb2 Rc8 12. Ne3 Bd7 13. Rc1 Re8 14. Qd2 Qa5 15. Rfd1 Be6 16. a4 Qb6 17. Qc2 Nd4 18. Qd3 Nxb3 19. Rb1 Nc5 20. Qc2 Qc7 21. Ba1 b6 22. Rdc1 Ncd7 23. Ncd5 Bxd5 24. Nxd5 Nxd5 25. Bxd5 Nf6 26. Bf3 Nd7 27. Bxg7 Kxg7 28. Qb2+ Ne5 29. Qxb6 Qxb6 30. Rxb6 a5 31. Ra6 Rc5 32. Be4 Rec8 33. Bd3 g5 34. Rb1 Nxc4 35. Bxc4 Rxc4 36. Rxa5 h6 37.
Ra7 R8c7 38. Rxc7 Rxc7 39. a5 Ra7 40. Ra1 Kg8 41. f3 Kg7 42. Kf2 Kf6 43. Ke3 Ke5 44. a6 Kd5 45. h4 f5 46. hxg5 hxg5 47. Ra5+ Ke6 48. Kd4 f4 49. gxf4 gxf4 50. Ke4 Kd7 51. Kxf4 Kc6 52. Kf5 Kb6 53. Ra1 e5 54. Ke6 Kc5 55.
e3 e4 56. fxe4 1-0

[Event "Early-Titled-Tuesday-Blitz-April-16-2024"]
[Site "Chess.com"]
[Date "2024.04.16"]
[Round "7"]
[White "Szparu"]
[Black "shimastream"]
[Result "1-0"]
[WhiteElo "2857"]
[BlackElo "3028"]
[TimeControl "180+1"]
[EndTime "9:20:13 PDT"]
[Termination "Szparu won on time"]

1. e4 b6 2. d4 Bb7 3. Bd3 e6 4. Nf3 c5 5. c3 Nf6 6. Nbd2 d5 7. e5 Nfd7 8. O-O Nc6 9. Re1 Be7 10. Nf1 g5 11. h3 h5 12. Ne3 Qc7 13. Nxd5 exd5 14. e6 fxe6 15. Bg6+ Kd8 16. Nxg5 Bxg5 17. Bxg5+ Kc8 18.
Rxe6 Nd8 19. Re7 Nc6 20. Rg7 Rf8 21. Qxh5 Qd6 22. Re1 Kc7 23. Qg4 cxd4 24. Re6 Ne5 25. Rxd6 Kxd6 26. Bf4 Rxf4 27. Qxf4 dxc3 28. Rxd7+ 1-0

[Event "Early-Titled-Tuesday-Blitz-April-16-2024"]
[Site "Chess.com"]
[Date "2024.04.16"]
[Round "7"]
[White "NigiriSushies"]
[Black "vangulio"]
[Result "0-1"]
[WhiteElo "2413"]
[BlackElo "2573"]
[TimeControl "180+1"]
[EndTime "9:20:13 PDT"]
[Termination "vangulio won by resignation"]

1. d4 Nf6 2. Nc3 d5 3. Bf4 g6 4.
Nf3 Bg7 5. g3 O-O 6. Bg2 c5 7.
dxc5 Qa5 8. O-O Qxc5 9. Qd4 Na6 10. Rfd1 Rd8 11. Be5 Be6 12. Ng5 Bf5 13. Nxd5 Nxd5 14. Bxd5 Qxd4 15. Bxf7+ Kf8 16. Bxd4 Rxd4 17. c3 Rxd1+ 18.
Rxd1 h6 19. e4 hxg5 20. exf5 Kxf7 21. fxg6+ Kxg6 22. Rd7 Nc5 23. Rxb7 Nxb7 0-1

[Event "Early-Titled-Tuesday-Blitz-April-16-2024"]
[Site "Chess.com"]
[Date "2024.04.16"]
[Round "7"]
[White "Yushko_Olga"]
[Black "ploxoi"]
[Result "1-0"]
[WhiteElo "2267"]
[BlackElo "2402"]
[TimeControl "180+1"]
[EndTime "9:20:13 PDT"]
[Termination "Yushko_Olga won by resignation"]

1. d4 e6 2. c4 d5 3. cxd5 exd5 4. Nc3 c6 5. Bf4 Bf5 6. e3 Bd6 7. Bxd6 Qxd6 8. Bd3 Bxd3 9. Qxd3 Nf6 10. Nge2 Nbd7 11. Rb1 a5 12. a3 O-O 13. b4 axb4 14. axb4 b5 15. O-O Nb6 16. Ng3 Nc4 17. e4 dxe4 18.
Ncxe4 Nxe4 19. Nxe4 Qg6 20. Rfe1 Rad8 21. Rbd1 h6 22. Qf3 Rfe8 23. h3 Kh7 24. Re2 Re6 25.
Nc5 Rf6 26. Qe4 Rfd6 27. Nb7 Qxe4 28. Rxe4 f5 29. Ree1 Ra8 30. Nxd6 Nxd6 31. Re6 Rd8 32. Rc1 Nc4 33. Rxc6 Rxd4 34. Rc5 Nd6 35. Rb1 h5 36. Kf1 g6 37. Ke2 Kh6 38. Rc6 Ne4 39. Ke3 Rd5 40. f3 Nd2 41. Rd1 Nc4+ 42. Ke2 Re5+ 43.
Kf2 Re3 44. Rxc4 1-0